 Dungeon Crawl Stone Soup version 0.30.1-3-gfc49f6343a (webtiles) character file.

Game seed: 2823804577174163712

144575 croobank the Fighter (level 16, -1/129 HPs)
             Began as a Demonspawn Monk on July 21, 2023.
             Was the Champion of Vehumet.
             Shot with an arrow by a naga sharpshooter (9 damage)
             ... led by Vashnia
             ... on level 3 of the Snake Pit on July 22, 2023.
             The game lasted 02:46:03 (36622 turns).

croobank the Fighter (Demonspawn Monk)             Turns: 36622, Time: 02:46:04

Health: -1/129     AC: 12    Str: 15    XL:     16   Next: 85%
Magic:  0/40       EV: 21    Int: 23    God:    Vehumet [******]
Gold:   1316       SH:  0    Dex: 22    Spells: 0/37 levels left

rFire   + + .        d - +5 scimitar (flame)
rCold   + . .        (no shield)
rNeg    . . .        W - +4 leather armour of Necwyaga {MP+9 Dex+5}
rPois   +            U - +2 hat of the Bear Spirit {Spirit, Bear, *Rage Will++}
rElec   .            I - scarf "Roghofaem" {rC+ rF+, Rampage Drain Str+3 Int+5}
rCorr   .            (gloves unavailable)
SInv    .            z - +2 pair of boots
Will    +....        H - amulet of magic regeneration
Stlth   +            k - ring of poison resistance
HPRegen 0.41/turn    n - ring of protection from fire
MPRegen 0.67/turn

%: random rage (20%), guardian spirit, rampage
@: silenced, weak-willed
A: claws 3, ignite blood 3, spiny 1, sturdy frame 1
a: Renounce Religion


You were on level 3 of the Snake Pit.
You worshipped Vehumet.
Vehumet was exalted by your worship.
You visited 5 branches of the dungeon, and saw 26 of its levels.
You also visited: Sewer, Bailey and Volcano.

You collected 2678 gold pieces.
You spent 1362 gold pieces at shops.

Inventory:

Hand Weapons
 c - a +0 quick blade of venom
 d - a +5 scimitar of flaming (weapon)
 j - a +2 war axe of electrocution
 m - a +3 demon blade of draining
Armour
 f - a +2 helmet of intelligence
 z - a +2 pair of boots (worn)
 I - the scarf "Roghofaem" (worn) {rC+ rF+, Rampage Drain Str+3 Int+5}
   (You acquired it on level 6 of the Dungeon)

   Str:       It affects your strength (+3).
   Int:       It affects your intelligence (+5).
   Drain:     It drains your maximum health when unequipped.
   Rampage:   It bestows one free step when moving towards enemies.
 U - the +2 hat of the Bear Spirit (worn) {Spirit, Bear, *Rage Will++}
   (You acquired it on level 2 of the Lair of Beasts)

   Bear:      Going berserk makes the wearer exceptionally tough, and they are
   slowed for a shorter time afterward.
   *Rage:     It berserks you when you make melee attacks (+20% chance).
   Will:      It greatly increases your willpower.
 W - the +4 leather armour of Necwyaga (worn) {MP+9 Dex+5}
   (You found it in a bailey)

   Dex:       It affects your dexterity (+5).
   MP:        It affects your magic capacity (+9).
Jewellery
 e - a +5 ring of evasion
 i - a ring of resist corrosion
 k - a ring of poison resistance (left claw)
 n - a ring of protection from fire (right claw)
 q - a ring of see invisible
 r - a +6 ring of strength
 v - a +4 ring of protection
 x - a ring of magical power
 y - an amulet of reflection
 H - an amulet of magic regeneration (around neck)
 O - a ring of positive energy
 S - the ring of Mog Are {Fly rN+}
   (You found it on level 1 of the Snake Pit)

   [ring of flight]

   rN:        It protects you from negative energy.
   Fly:       It grants you flight.
 T - a ring of protection from cold
 Y - a +4 ring of slaying
Wands
 a - a wand of iceblast (8)
 F - a wand of quicksilver (12)
 J - a wand of paralysis (12)
 P - a wand of flame (20)
 Z - a wand of digging (3)
Scrolls
 h - 12 scrolls of teleportation
 s - a scroll of butterflies
 t - 2 scrolls of brand weapon
 w - 4 scrolls of fog
 C - a scroll of blinking
 R - 2 scrolls of silence
 V - 2 scrolls of immolation
 X - 2 scrolls of vulnerability
Potions
 g - 3 potions of invisibility
 l - 21 potions of curing
 o - a potion of berserk rage
 p - 6 potions of brilliance
 u - 7 potions of magic
 A - 9 potions of lignification
 B - 5 potions of heal wounds
 D - 4 potions of haste
 G - 4 potions of mutation
 K - a potion of resistance
 M - 6 potions of attraction
 N - 2 potions of cancellation
 Q - 6 potions of might
Miscellaneous
 b - a phial of floods
 E - a condenser vane
 L - a lightning rod (4/4)


   Skills:
 + Level 12.9 Fighting
 + Level 11.8 Short Blades
 - Level 4.0 Armour
 + Level 11.8 Dodging
 + Level 11.4 Spellcasting
 - Level 5.8 Conjurations
 * Level 4.1 Hexes
 - Level 10.1 Necromancy
 - Level 6.3 Translocations
 * Level 3.6 Transmutations
 - Level 7.7 Fire Magic
 - Level 5.3 Air Magic
 - Level 4.6 Earth Magic
 - Level 5.8 Poison Magic


You couldn't memorise any spells.
You knew the following spells:

 Your Spells              Type           Power      Damage    Failure   Level
a - Necrotise             Necr           100%       1d9       1%          1
b - Mephitic Cloud        Conj/Pois/Air  39%        N/A       1%          3
c - Lee's Rapid Deconstr  Erth           17%        3d10*     5%          5
d - Borgnjor's Vile Clut  Necr/Erth      23%        N/A       7%          5
e - Manifold Assault      Tloc           42%        N/A       3%          4
f - Scorch                Fire           96%        2d9       1%          2
g - Iskenderun's Mystic   Conj/Tloc      41%        2d9       1%          4
h - Stone Arrow           Conj/Erth      74%        3d11      1%          3
i - Fireball              Conj/Fire      22%        3d10      2%          5
j - Yara's Violent Unrav  Hex/Tmut       15%        3d8       8%          5

Your spell library contained the following spells:

 Spells                   Type           Power      Damage    Failure   Level
 Beastly Appendage        Tmut           60%        N/A       1%          1
 Freeze                   Ice            52%        1d6       1%          1
 Magic Dart               Conj           100%       1d8       1%          1
 Sandblast                Erth           68%        2d15      1%          1
 Shock                    Conj/Air       100%       1d9       1%          1
 Lesser Beckoning         Tloc           84%        N/A       1%          2
 Passwall                 Tmut/Erth      26%        N/A       1%          2
 Poisonous Vapours        Pois/Air       76%        N/A       1%          2
 Wereblood                Tmut           30%        N/A       1%          2
 Gell's Gravitas          Tloc           42%        N/A       1%          3
 Hailstorm                Conj/Ice       26%        3d7       1%          3
 Inner Flame              Hex/Fire       40%        N/A       1%          3
 Swiftness                Air            37%        N/A       1%          3
 Teleport Other           Tloc           42%        N/A       1%          3
 Vampiric Draining        Necr           56%        2d10      1%          3
 Airstrike                Air            18%        2d(3-19)  1%          4
 Flame Wave               Conj/Fire      44%        2d11      1%          4
 Sticky Flame             Conj/Fire      44%        2d6       1%          4
 Spider Form              Tmut/Pois      34%        N/A       2%          3
 Agony                    Necr           56%        N/A       2%          5
 Passage of Golubria      Tloc           42%        N/A       3%          4
 Iskenderun's Battlesphe  Conj           39%        2d9       3%          5
 Frozen Ramparts          Ice            26%        1d4       4%          3
 Call Imp                 Summ           26%        N/A       8%          2
 Freezing Cloud           Conj/Ice/Air   15%        6-21      9%          5
 Alistair's Intoxication  Tmut/Pois      22%        N/A       21%         5
 Iron Shot                Conj/Erth      18%        9d4       22%         6
 Ice Form                 Ice/Tmut       21%        N/A       24%         4
 Eringya's Noxious Bog    Tmut/Pois      17%        N/A       28%         6
 Summon Forest            Summ/Tloc      13%        N/A       36%         5
 Summon Ice Beast         Ice/Summ       13%        N/A       45%         4
 Dispersal                Tloc           21%        N/A       50%         6
 Statue Form              Tmut/Erth      21%        N/A       80%         6
 Spellforged Servitor     Conj/Summ      13%        N/A       95%         7
 Malign Gateway           Summ/Tloc      13%        N/A       100%        7
 Storm Form               Tmut/Air       16%        N/A       100%        7
 Disjunction              Tloc           21%        N/A       100%        8


Dungeon Overview and Level Annotations

Branches:
Dungeon (15/15)            Temple (1/1) D:7            Lair (5/5) D:9
  Swamp (0/4) Lair:2        Snake (3/4) Lair:2        Slime (0/5) Lair:4
    Orc (2/2) D:10            Elf (0/3) Orc:2        Vaults (0/5) D:14
 Depths (0/4) D:15          Sewer (visited)          Bailey (visited)
Volcano (visited)

Altars:
Ashenzari
Dithmenos
Hepliaklqana
Kikubaaqudgha
Makhleb
Okawaru
Ru
Trog
Uskayaw
Vehumet
Xom
Yredelemnul
Jiyva
Lugonu

Shops:
D:2 ==?([   D:8 =   D:11 *[*   D:12 (   D:14 *([:   Orc:2 (*(*

Portals:
Abyss: Lair:5

Annotations:
D:4 2 transporters, spardeous's ghost, amateur DgEE
D:5 2 transporters, TrollFarmer's ghost, amateur FeSu
D:8 1 runed translucent door, Wiggles's ghost, novice MiBe
Snake:3 Vashnia


Innate Abilities, Weirdness & Mutations

You have claws for hands.
Your demonic aura causes all spilled blood to erupt in flames.
You are partially covered in sharp spines.
Your movements are slightly less encumbered by armour. (ER -2)


Message History

Okay, then.
Okay, then.
Okay, then.
Really read the scroll of vulnerability? [Y]es or [N]o only, please.
Really read the scroll of vulnerability?
As you read the scroll of vulnerability, it crumbles to dust.
Magic quickly surges around you.
The naga sharpshooter shoots an arrow.
The arrow hits you!
As you read the scroll of silence, it crumbles to dust.
A profound silence engulfs you.
Vashnia gestures wildly while chanting.
Vashnia magically shoots a bolt.
The bolt hits you!
The naga sharpshooter shoots an arrow.
The arrow hits you.
The naga sharpshooter mumbles some strange words.
The naga sharpshooter magically shoots an arrow.
The arrow completely misses you.
The mana viper is engulfed in blazing flames.
The mana viper is struck by your spines.
The mana viper completely misses you.
The naga sharpshooter shoots an arrow.
The arrow hits you!
Vashnia shoots a bolt.
The bolt hits you!!
* * * LOW HITPOINT WARNING * * *
The naga sharpshooter shoots an arrow.
The arrow hits you!
* * * LOW HITPOINT WARNING * * *
You feel much better.
The mana viper is engulfed in blazing flames.
The mana viper is struck by your spines.
The mana viper barely misses you.
A naga sharpshooter comes into view. It is wielding a +0 long sword.
The naga sharpshooter spits poison at you.
The splash of poison hits you but does no damage.
You resist.
Vashnia shoots a bolt.
The bolt hits you!!
* * * LOW HITPOINT WARNING * * *
The mana viper is engulfed in blazing flames.
The mana viper is struck by your spines.
The mana viper barely misses you.
The naga sharpshooter mumbles some strange words.
The naga sharpshooter magically shoots an arrow.
The arrow hits you!
You die...

#... #....##.........
#.... #....##.........
#.... #....##.........
#.... #....##....##...
.##....##....##....##...
...................##...
.......○☼§°........##...
......§§○☼.........##...
......§@S☼.........##...
......§§☼..........##...
..##....#############...
#....# #... .....N. #...
..NN.... #... .........
#... ......N... #...


You could see Vashnia (weak-willed), 3 naga sharpshooters and a mana viper
(weak-willed).

Vanquished Creatures
  Nikola (Snake:1)
  A sphinx (D:12)
  A storm dragon (D:15)
  Roxanne (D:14)
  Agnes (Snake:1)
  Aizul (Snake:1)
  A stone giant (D:15)
  A red draconian (Volcano)
  Snorg (Lair:3)
  A fire dragon (D:14)
  2 yaktaur captains (D:15)
  Fannar (D:11)
  4 hydras
  A rakshasa (D:15)
  Erica (D:9)
  The ghost of bzaaaaa the Earth Mage, a journeyman DEEE of Sif Muna (D:11)
  7 centaur warriors
  2 anacondas
  2 ogre magi
  5 boulder beetles
  4 naga warriors
  3 tengu warriors
  7 two-headed ogres
  6 death yaks
  2 shock serpents (Snake:2)
  A deep troll earth mage (D:15)
  2 thrashing horrors (Lair:5)
  4 orc high priests (Orc:2)
  A naga sharpshooter (Snake:2)
  6 skeletal warriors
  A skyshark (Lair:5)
  A salamander mystic (Volcano)
  3 naga ritualists (Snake:2)
  A necromancer (D:15)
  A deep troll (Lair:4)
  A lindwurm (Lair:3)
  2 wizards
  Pikel (D:6)
  3 deep elf pyromancers
  3 orc sorcerers
  An orc knight (Bailey)
  8 mana vipers
  12 manticores
  9 elephants (Lair:5)
  16 cyclopes
  12 ugly things
  10 salamanders
  15 black mambas
  A centaur zombie (D:15)
  Joseph (D:7)
  A guardian serpent (Snake:2)
  4 naga magi
  3 smoke demons (Lair:5)
  A gargoyle (D:12)
  5 centaur skeletons
  6 cane toads
  Psyche (D:10)
  3 rime drakes
  2 efreet
  3 kobold demonologists
  A freezing wraith (D:15)
  9 yaktaurs
  An unseen horror (D:12)
  11 komodo dragons
  2 tengu conjurers
  An ancient zyme (Lair:5)
  3 meliai (D:14)
  2 queen bees
  A meliai (shapeshifter) (Lair:5)
  A tyrant leech (Lair:2)
  2 polar bears
  13 trolls
  5 hornets
  11 dream sheep (Lair:5)
  13 blink frogs
  2 large abominations (Lair:5)
  3 centaur simulacra (D:15)
  8 slime creatures
  4 shadows
  8 wraiths
  Sigmund (D:4)
  A ynoxinul (Lair:5)
  A spriggan (Lair:5)
  A vampire (D:12)
  49 yaks
  6 wyverns
  3 fire bats (Lair:4)
  7 basilisks
  3 chaos spawn (Lair:5)
  Grum (D:10)
  A redback simulacrum (D:15)
  24 vampire mosquitoes
  2 wargs
  22 nagas
  9 water moccasins
  4 acid dragons
  An ice beast (D:8)
  2 swamp worms (Lair:2)
  26 orc warriors
  2 sky beasts
  9 wolves
  9 centaurs
  11 ogres
  A phantom (D:6)
  4 kobold brigands
  8 bullfrogs
  A scorpion (D:6)
  3 wights (D:10)
  55 killer bees
  2 howler monkeys
  13 electric eels
  14 small abominations (Lair:5)
  3 jellies
  Crazy Yiuf (D:7)
  25 orc priests
  5 hounds
  An iguana (D:7)
  6 hell rats (Lair:4)
  28 orc wizards
  11 gnolls
  11 adders
  3 river rats (Sewer)
  A shadow imp (D:5)
  3 white imps
  An ufetubus (D:7)
  2 dart slugs
  69 orcs
  3 bats
  8 endoplasms
  5 goblins
  6 hobgoblins
  9 jackals
  8 kobolds
  2 quokkas
  12 ball pythons
  A frilled lizard (Sewer)
  7 rats
831 creatures vanquished.

Vanquished Creatures (collateral kills)
  An orc (Bailey)
  A ball python (Sewer)
  A rat (D:3)
3 creatures vanquished.

Vanquished Creatures (others)
  An acid dragon (D:12)
  A black bear (D:5)
  2 kobold brigands (D:14)
  An orc (Bailey)
5 creatures vanquished.

Grand Total: 839 creatures vanquished

Notes
Turn   | Place    | Note
-------+----------+-------------------------------------------
     0 | D:1      | croobank the Demonspawn Monk began the quest for the Orb.
     0 | D:1      | Reached XP level 1. HP: 18/18 MP: 1/1
   150 | D:1      | Gained mutation: You have sharp fingernails. [demonic
                  | ancestry]
   150 | D:1      | Reached XP level 2. HP: 17/24 MP: 2/2
   152 | D:1      | Learned a level 1 spell: Necrotise
   824 | D:2      | Found Kujiciud's Antique Weapon Shop.
   910 | D:2      | Found Kivvyu's Magic Scroll Shoppe.
   919 | D:2      | Bought a scroll of identify for 26 gold pieces
   927 | D:2      | Found Urchiehe's Jewellery Shop.
  1019 | D:2      | Reached XP level 3. HP: 19/29 MP: 3/3
  1358 | D:2      | Reached skill level 1 in Necromancy
  1500 | D:2      | Found Yhuas's Antique Armour Boutique.
  1650 | D:2      | Reached skill level 1 in Spellcasting
  1895 | D:2      | Reached XP level 4. HP: 23/35 MP: 0/5
  1955 | D:2      | Found Kibuv's Jewellery Emporium.
  2040 | D:2      | Reached skill level 1 in Armour
  2191 | D:3      | Found a bloodstained altar of Trog.
  2760 | D:4      | Gained mutation: Your demonic aura sometimes causes spilled
                  | blood to erupt in flames. [demonic ancestry]
  2760 | D:4      | Reached XP level 5. HP: 28/42 MP: 0/7
  2946 | D:4      | Noticed a small abomination
  2952 | D:4      | Noticed spardeous's ghost (amateur DgEE)
  2969 | D:4      | Found a transporter.
  3148 | D:4      | Noticed Sigmund
  3168 | D:4      | Killed Sigmund
  3169 | D:4      | Reached skill level 4 in Fighting
  3169 | D:4      | Reached XP level 6. HP: 35/48 MP: 4/9
  3466 | D:4      | Found a transporter.
  3781 | D:5      | Entered Level 5 of the Dungeon
  3827 | D:5      | Noticed a water moccasin
  3835 | D:5      | Killed a water moccasin
  3994 | D:5      | Reached XP level 7. HP: 55/55 MP: 10/10
  4088 | D:5      | Found a hide-covered altar of Uskayaw.
  4197 | D:5      | Found a transporter.
  4216 | D:5      | Found a transporter.
  4218 | D:5      | Noticed TrollFarmer's ghost (amateur FeSu)
  4512 | D:6      | Found a glowing drain.
  4521 | Sewer    | Entered a sewer
  4568 | Sewer    | Gained mutation: Your demonic aura often causes spilled
                  | blood to erupt in flames. [demonic ancestry]
  4568 | Sewer    | Reached XP level 8. HP: 57/61 MP: 0/12
  4948 | Sewer    | Reached skill level 5 in Fighting
  5681 | D:6      | Identified a scroll of acquirement
  5681 | D:6      | Acquired the scarf "Roghofaem" {rC+ rF+, Rampage Drain
                  | Str+3 Int+5}
  5880 | D:6      | Noticed Pikel
  5890 | D:6      | Killed Pikel
  5891 | D:6      | Reached skill level 5 in Short Blades
  5891 | D:6      | Reached skill level 5 in Dodging
  6073 | D:7      | Reached XP level 9. HP: 69/69 MP: 12/15
  6080 | D:7      | Reached skill level 5 in Necromancy
  6260 | D:7      | Found a runed translucent door.
  6261 | D:7      | Noticed Crazy Yiuf
  6567 | D:7      | Found a staircase to the Ecumenical Temple.
  6679 | D:7      | Killed Crazy Yiuf
  6734 | D:8      | Found Vegary's Jewellery Boutique.
  6740 | D:8      | Bought an amulet of magic regeneration for 390 gold pieces
  6758 | D:8      | Found a broken altar of Ashenzari.
  6838 | D:8      | Found a flagged portal.
  6847 | Bailey   | Entered a bailey
  6874 | Bailey   | Reached skill level 6 in Fighting
  7114 | Bailey   | Reached skill level 5 in Spellcasting
  7126 | Bailey   | Noticed an orc knight
  7129 | Bailey   | Reached skill level 5 in Conjurations
  7129 | Bailey   | Reached skill level 5 in Air Magic
  7129 | Bailey   | Reached skill level 5 in Poison Magic
  7129 | Bailey   | Gained mutation: Your demonic aura causes all spilled blood
                  | to erupt in flames. [demonic ancestry]
  7129 | Bailey   | Reached XP level 10. HP: 77/77 MP: 17/17
  7134 | Bailey   | Killed an orc knight
  7143 | Bailey   | Identified the +4 leather armour of Necwyaga {MP+9 Dex+5}
  7502 | D:8      | Found a runed translucent door.
  7507 | D:8      | Noticed Wiggles's ghost (novice MiBe)
  8120 | D:8      | Found a shadowy altar of Dithmenos.
  8120 | D:8      | Found a burning altar of Makhleb.
  8157 | D:8      | Learned a level 3 spell: Mephitic Cloud
  8462 | D:8      | Reached XP level 11. HP: 35/83 MP: 19/19
  9030 | D:9      | Reached skill level 7 in Fighting
  9059 | D:9      | Found a staircase to the Lair.
  9983 | D:9      | Noticed Erica
  9998 | D:9      | Killed Erica
 10522 | D:9      | Found a hazy altar of Hepliaklqana.
 10873 | D:10     | Entered Level 10 of the Dungeon
 10940 | D:10     | Found a staircase to the Orcish Mines.
 11621 | D:10     | Reached skill level 8 in Fighting
 11733 | D:10     | Identified the +9 scale mail "Rolahepim" {Rampage rC- Int+3
                  | SInv}
 11756 | D:10     | Noticed Grum
 11773 | D:10     | Killed Grum
 11792 | D:10     | Reached XP level 12. HP: 60/92 MP: 22/22
 11908 | D:10     | Noticed Psyche
 11911 | D:10     | Killed Psyche
 12059 | D:10     | Found an ancient bone altar of Kikubaaqudgha.
 12103 | D:11     | Noticed Fannar
 12111 | D:11     | Killed Fannar
 12415 | D:11     | Found Sykkuf's Assorted Antiques.
 12415 | D:11     | Found Woja's Antique Armour Shoppe.
 12421 | D:11     | Found Zungoats's General Store.
 12431 | D:11     | Found a runed translucent gate.
 12432 | D:11     | Found a runed translucent gate.
 12432 | D:11     | Noticed bzaaaaa's ghost (journeyman DEEE)
 12433 | D:11     | Found a runed translucent gate.
 12726 | D:8      | Bought a ring of poison resistance for 260 gold pieces
 12778 | Lair:1   | Entered Level 1 of the Lair of Beasts
 13858 | Lair:2   | Reached skill level 9 in Fighting
 13868 | Lair:2   | Found a staircase to the Snake Pit.
 14402 | Lair:2   | Acquired the +2 hat of the Bear Spirit {Spirit, Bear, *Rage
                  | Will++}
 14402 | Lair:2   | Found the +2 hat of the Bear Spirit {Spirit, Bear, *Rage
                  | Will++}
 14768 | Lair:2   | Found a staircase to the Swamp.
 15190 | Lair:3   | Noticed a four-headed hydra
 15200 | Lair:3   | Killed a two-headed hydra
 15644 | Lair:3   | Identified the +9 bardiche of the Writhing Queen {pain, rF+
                  | rC++}
 15665 | Lair:3   | Noticed Snorg
 15672 | Lair:3   | Gained mutation: You are partially covered in sharp spines.
                  | [demonic ancestry]
 15672 | Lair:3   | Reached XP level 13. HP: 83/101 MP: 25/25
 15673 | Lair:3   | Killed Snorg
 16839 | Lair:4   | Found a dark tunnel.
 16864 | Volcano  | Entered a volcano
 16910 | Volcano  | Reached skill level 10 in Necromancy
 17145 | Volcano  | Noticed a red draconian
 17153 | Volcano  | Killed a red draconian
 17157 | Volcano  | Reached skill level 10 in Fighting
 17256 | Lair:4   | Learned a level 5 spell: Agony
 17504 | D:7      | Noticed Joseph
 17509 | D:7      | Killed Joseph
 17514 | Temple   | Entered the Ecumenical Temple
 17631 | Temple   | Became a worshipper of Vehumet
 17631 | Temple   | Reached * piety under Vehumet
 17631 | Temple   | Offered knowledge of Sandblast by Vehumet.
 17631 | Temple   | Reached ** piety under Vehumet
 17754 | Lair:4   | Found a viscous altar of Jiyva.
 17754 | Lair:4   | Found a staircase to the Slime Pits.
 17779 | Lair:4   | Reached skill level 1 in Translocations
 17883 | Lair:4   | Offered knowledge of Momentum Strike by Vehumet.
 19465 | Lair:5   | Entered Level 5 of the Lair of Beasts
 20722 | Lair:5   | Found a sacrificial altar of Ru.
 21221 | Lair:5   | Offered knowledge of Scorch by Vehumet.
 21229 | Lair:5   | Gained mutation: You have very sharp fingernails. [demonic
                  | ancestry]
 21229 | Lair:5   | Reached XP level 14. HP: 79/111 MP: 27/27
 21237 | Lair:5   | Learned a level 5 spell: Borgnjor's Vile Clutch
 21242 | Lair:5   | Learned a level 4 spell: Manifold Assault
 21383 | Lair:5   | Reached *** piety under Vehumet
 21437 | Lair:5   | Reached skill level 1 in Earth Magic
 21578 | Lair:5   | Found a corrupted altar of Lugonu.
 21578 | Lair:5   | Found a one-way gate to the infinite horrors of the Abyss.
 21602 | Lair:5   | Got the Almanac of Wild Correspondence
 21606 | Lair:5   | Learned a level 2 spell: Scorch
 21769 | Lair:5   | Offered knowledge of Iskenderun's Mystic Blast by Vehumet.
 21772 | Lair:5   | Reached skill level 5 in Translocations
 21804 | Lair:5   | Learned a level 4 spell: Iskenderun's Mystic Blast
 22277 | Orc:1    | Entered Level 1 of the Orcish Mines
 22510 | Orc:1    | Reached **** piety under Vehumet
 22726 | Orc:1    | You fall into a shaft and drop 1 floor!
 22726 | Orc:2    | Entered Level 2 of the Orcish Mines
 22726 | Orc:2    | Found a staircase to the Elven Halls.
 22974 | Orc:1    | Offered knowledge of Stone Arrow by Vehumet.
 22989 | Orc:1    | Learned a level 3 spell: Stone Arrow
 23575 | Orc:2    | Reached skill level 10 in Short Blades
 23575 | Orc:2    | Reached skill level 10 in Dodging
 23653 | Orc:2    | Found Cosopnes's Assorted Antiques.
 23653 | Orc:2    | Found Esuat's Antique Weapon Shoppe.
 23657 | Orc:2    | Found Igigg's Weapon Emporium.
 23661 | Orc:2    | Found Kooshyc's Assorted Antiques.
 23704 | Orc:2    | Bought a scroll labelled WEUFOO TIFOMES for 31 gold pieces
 24269 | D:11     | Reached skill level 11 in Fighting
 24269 | D:11     | Reached ***** piety under Vehumet
 24278 | D:11     | Offered knowledge of Fireball by Vehumet.
 25140 | D:11     | Killed bzaaaaa's ghost
 25226 | D:11     | Learned a level 5 spell: Fireball
 25247 | D:12     | Found Vismycex's Antique Weapon Boutique.
 25255 | D:12     | Bought a glowing demon blade for 558 gold pieces
 25451 | D:2      | Bought a scroll of enchant armour for 97 gold pieces
 26027 | D:12     | Reached skill level 1 in Fire Magic
 26038 | D:12     | Noticed a sphinx
 26047 | D:12     | Killed a sphinx
 26048 | D:12     | Gained mutation: Your movements are slightly less
                  | encumbered by armour. (ER -2) [demonic ancestry]
 26048 | D:12     | Reached XP level 15. HP: 88/119 MP: 28/28
 26215 | D:12     | Reached skill level 10 in Spellcasting
 28548 | D:14     | Found Umekk's Antique Weapon Boutique.
 28593 | D:14     | Identified Roxanne's Volume of the Anticline
 28593 | D:14     | Noticed Roxanne
 28623 | D:14     | Killed Roxanne
 28624 | D:14     | Reached skill level 5 in Fire Magic
 28833 | D:14     | Got the Papyrus of Ozone and Mustering
 29037 | D:14     | Reached skill level 12 in Fighting
 29065 | D:14     | Found Opipnuw's General Store.
 29242 | D:14     | Found Kumpul's Book Shoppe.
 29247 | D:14     | Found Veocugh's Antique Armour Shop.
 29521 | D:14     | Found a gate to the Vaults.
 29591 | D:14     | Offered knowledge of Yara's Violent Unravelling by Vehumet.
 30284 | D:15     | Entered Level 15 of the Dungeon
 30453 | D:15     | Found a runed translucent door.
 30454 | D:15     | Noticed a storm dragon
 30900 | D:15     | Gained mutation: You have claws for hands. [demonic
                  | ancestry]
 30900 | D:15     | Reached XP level 16. HP: 127/127 MP: 30/30
 31823 | D:15     | Found a radiant altar of Vehumet.
 32097 | D:15     | Found a staircase to the Depths.
 32748 | D:15     | Killed a storm dragon
 32752 | D:15     | Identified the staff of earth "Gokuqix" {+Blink}
 33101 | D:15     | Learned a level 5 spell: Yara's Violent Unravelling
 33375 | Snake:1  | Entered Level 1 of the Snake Pit
 34088 | Snake:1  | Reached skill level 1 in Hexes
 34129 | Snake:1  | Reached skill level 1 in Transmutations
 34443 | Snake:1  | Noticed Nikola
 34455 | Snake:1  | Killed Nikola
 34514 | Snake:1  | Noticed Aizul
 34524 | Snake:1  | Killed Aizul
 34674 | Snake:1  | Identified the ring of Mog Are {Fly rN+}
 34793 | Snake:1  | Noticed Agnes
 34800 | Snake:1  | Killed Agnes
 34938 | Snake:2  | Reached ****** piety under Vehumet
 35521 | Snake:2  | Offered knowledge of Lee's Rapid Deconstruction by Vehumet.
 35859 | Snake:2  | Learned a level 5 spell: Lee's Rapid Deconstruction
 36618 | Snake:3  | Noticed Vashnia
 36622 | Snake:3  | Shot with an arrow by a naga sharpshooter

Illustrated notes

Levels and vault maps discovered:
D:1:      eino_arrival_tree_alley, layout_loops_ring
D:2:      layout_basic, serial_shops, nicolae_square_shop,
          nicolae_shop_rolling_square, nicolae_shop_gaudy_bauble, shop, shop
D:3:      layout_rooms, lightli_temple_of_fire
D:4:      layout_gridville, gammafunk_ghost_abyssal_escape, serial_glass,
          glass_columns_a, glass_columns_b, glass_columns_b, glass_columns_a,
          glass_columns_c, glass_columns_a, glass_columns_a, glass_columns_c,
          glass_columns_a, glass_columns_a, uniq_sigmund
D:5:      layout_rooms, mainiacjoe_overflow_24_doors, gammafunk_ghost_mausoleum
D:6:      layout_loops_cross, portal_sewer_entry_d, uniq_pikel
D:7:      layout_loops_ring, minmay_temple_entry_from_below_a,
          uniq_crazy_yiuf_cottage, uniq_joseph
D:8:      layout_basic, mainiacjoe_overflow_catwalk, jmf_multi_god_temple,
          enter_bailey_7, ebering_ghost_reflecting_pool, serial_shops,
          shop_fountains, serial_bayou_lake_a
D:9:      layout_stronghold, mainiacjoe_overflow_alcove_4, erik_lair_island,
          uniq_erica
D:10:     layout_basic, gammafunk_temple_overflow_elements, hiddenorc2_lemuel,
          uniq_psyche, uniq_grum
D:11:     regret_index_bee_streams, layout_basic, gammafunk_ghost_split,
          nicolae_shop_distant_corner_stores, minivault_19, uniq_fannar
D:12:     nzn_winding_woodlands_stair_trap [nzn_winding_woodlands_5x15_garden,
          nzn_winding_woodlands_5x15_pathside_ponds,
          nzn_winding_woodlands_5x15_sidewinder,
          nzn_winding_woodlands_15x15_killbox,
          nzn_winding_woodlands_5x15_lazy_stream,
          nzn_winding_woodlands_5x15_crooked, nzn_winding_woodlands_5x15_twine],
          layout_loops_ring, serial_shops, shop
D:13:     layout_irregular_city, minmay_quadrilaterals
D:14:     layout_roguey [special_room_bee],
          hangedman_vaults_entry_quadrant_bands, nrook_uturn, serial_shops,
          shop, nicolae_diamond_shop, nicolae_shop_pleasant_corner_grove,
          shop_fountains, uniq_roxanne
D:15:     grunt_enter_depths_magical_seal, layout_gridville,
          lemuel_coloured_pillars_altar, minivault_13
Temple:   eino_temple_water
Lair:1:   layout_hall_layers
Lair:2:   layout_cave_pods, minmay_swamp_entry_worms,
          minmay_snake_entry_guardpost_small, serial_bayou_shore_a
Lair:3:   layout_layer_cave, beast_lair_carwin_5, uniq_snorg
Lair:4:   dreamdust_cave_troll, layout_layer_cave, dpeg_slime_entry_enclosed,
          nicolae_volcano_entry_batcave
Lair:5:   hellmonk_lair_end_abyssal_woods, layout_long_grid, basic_altar
Snake:1:  layout_onion, nicolae_triple_integral, uniq_aizul, uniq_nikola,
          uniq_agnes
Snake:2:  layout_cave_shapes, grunt_ministairs_7
Snake:3:  layout_grid_maze, nicolae_shop_firing_range, uniq_vashnia
Orc:1:    layout_caves, basic_altar, nicolae_orc_lost_temple
Orc:2:    st_orc_mages, layout_caves, basic_altar

Skill      XL: |  1  2  3  4  5  6  7  8  9 10 11 12 13 14 15 16 |
---------------+-------------------------------------------------+-----
Dodging        | 3 4 5 6 7 8 9 10 11 | 11.8
Short Blades   | 3 4 5 6 7 8 9 10 11 | 11.8
Necromancy     | 1 2 3 4 6 8 9 10 | 10.1
Spellcasting   | 1 2 3 4 5 6 8 9 10 11 | 11.4
Armour         | 1 2 3 4 |  4.0
Fighting       | 4 5 6 8 9 10 11 12 | 12.9
Conjurations   | 5 |  5.8
Air Magic      | 5 |  5.3
Poison Magic   | 5 |  5.8
Translocations | 4 6 |  6.3
Earth Magic    | 4 |  4.6
Fire Magic     | 2 6 7 |  7.7
Hexes          | 4 |  4.1
Transmutations | 3 |  3.6

Action                     |  1- 3 |  4- 6 |  7- 9 | 10-12 | 13-15 | 16-18 || total
---------------------------+-------+-------+-------+-------+-------+-------++-------
  Melee: Short sword       |    97 |       |       |       |       |       ||    97
         Dagger            |    23 |    74 |       |     2 |     5 |       ||   104
         Staff             |    17 |     6 |     2 |       |       |       ||    25
         War axe           |       |    23 |   239 |   458 |    35 |       ||   755
         Punch             |       |     1 |     3 |     6 |    15 |     4 ||    29
         Long sword        |       |       |       |    21 |       |       ||    21
         Scimitar          |       |       |       |       |   740 |   249 ||   989
         Bardiche          |       |       |       |       |    32 |       ||    32
  Throw: Boomerang         |       |     4 |       |    28 |       |       ||    32
         Throwing net      |       |       |       |       |     1 |       ||     1
   Cast: Necrotise         |    22 |    34 |    29 |       |    14 |       ||    99
         Mephitic Cloud    |       |       |       |    15 |    26 |     6 ||    47
         Agony             |       |       |       |       |     2 |       ||     2
         Borgnjor's Vile C |       |       |       |       |    32 |    16 ||    48
         Manifold Assault  |       |       |       |       |     1 |     2 ||     3
         Fireball          |       |       |       |       |       |    11 ||    11
         Lee's Rapid Decon |       |       |       |       |       |     3 ||     3
         Stone Arrow       |       |       |       |       |       |     1 ||     1
  Evoke: Wand              |       |       |       |    26 |     1 |       ||    27
    Use: Potion            |     1 |     2 |     1 |     5 |     1 |     2 ||    12
         Scroll            |       |    16 |    10 |    11 |     5 |     4 ||    46
   Stab: Sleeping          |     2 |     1 |     1 |     2 |     3 |       ||     9
         Invisible         |       |       |       |     4 |       |       ||     4
         Confused          |       |       |       |    10 |    19 |     2 ||    31
         Distracted        |       |       |       |     1 |     1 |       ||     2
         Paralysed         |       |       |       |     1 |       |       ||     1
 Armour: Robe              |     7 |       |       |       |       |       ||     7
         Leather armour    |    13 |    30 |    97 |   166 |   254 |    47 ||   607
  Dodge: Dodged            |   151 |   103 |   320 |   784 |   825 |   204 ||  2387
